 Dungeon Crawl Stone Soup version 0.31-a0-204-g7da18cac08 (webtiles) character file.

Game seed: 7799695306069467673

0 qw the Shooter (level 1, 0/12 HPs)
             Began as a Deep Elf Hunter on June 27, 2023.
             Slain by a gnoll
             ... wielding a +0 spear
              (7 damage)
             ... on level 1 of the Dungeon.
             The game lasted 00:00:01 (103 turns).

qw the Shooter (Deep Elf Hunter)                     Turns: 103, Time: 00:00:01

Health: 0/12       AC:  3    Str:  8    XL:     1   Next: 8%
Magic:  3/3        EV: 12    Int: 13    God:
Gold:   0          SH:  0    Dex: 18    Spells: 0/0 levels left

rFire   . . .        a - +0 shortbow
rCold   . . .        (shield currently unavailable)
rNeg    . . .        c - +0 leather armour
rPois   .            (no helmet)
rElec   .            (no cloak)
rCorr   .            (no gloves)
SInv    .            (no boots)
Will    .....        (no amulet)
Stlth   ++           (no ring)
HPRegen 0.22/turn    (no ring)
MPRegen 0.08/turn

%: no passive effects
@: no status effects
A: no striking features
a: no special abilities


You were on level 1 of the Dungeon.
You visited 1 branch of the dungeon, and saw 1 of its levels.


   Skills:
 - Level 1.5 Fighting
 + Level 5.3 Ranged Weapons
 - Level 2.4 Dodging
 - Level 1.2 Stealth


You couldn't memorise any spells.
You didn't know any spells.
Your spell library was empty.

Inventory:

Hand Weapons
 a - a +0 shortbow (weapon)
Armour
 c - a +0 leather armour (worn)
 d - a +0 scale mail
Scrolls
 b - a scroll of butterflies

Dungeon Overview and Level Annotations

Branches:
Dungeon (1/15)

Altars:

Annotations:
D:1 exclusion: gnoll


Message History

Press ? for a list of commands and other information.
Found twelve kobold skeletons and six elf skeletons.
Found a staircase leading out of the dungeon.
Options error: Missing colour in message_colour setting: 'then' x2
Waypoint 0 assigned to D:1.
0 ||| PLANNING D:1-11
Found an escape hatch in the floor.
You see here an elf skeleton.
You see here a kobold skeleton.
There is an escape hatch in the floor here.
You see here a kobold skeleton.
You open the door.
There is an open door here.
A bat comes into view.
You shoot an arrow. The arrow hits the bat!
You kill the bat!
Found 4 stones.
You see here 4 stones.
d - a +0 scale mail A gnoll comes into view.
It is wielding a +0 spear.
Enter note: You shoot an arrow.
The arrow hits the gnoll but does no damage.
The gnoll shouts!
You shoot an arrow.
The arrow hits the gnoll but does no damage.
You shoot an arrow. The arrow barely misses the gnoll.
You shoot an arrow. The arrow hits the gnoll.
The gnoll is lightly wounded.
The gnoll hits you from afar with a +0 spear. x2
101 ||| UPGRADING to +0 scale mail.
The gnoll completely misses you.
You start removing your armour.
You continue taking off your +0 leather armour.
The gnoll closely misses you.
You continue taking off your +0 leather armour.
The gnoll hits you from afar with a +0 spear!
You stop removing your armour.
Ouch! That really hurt!
You die...

.. ###. #.#. .#
... #.# ###..
#.# ..g #.#
.#.####.###.##.#
.......@....##.#
.#.###..######.#
#.............#
#####.#######.#
# ...........#.#
###.#######.#.#
............#
.....####.###
... #.#


You could see a gnoll.

Vanquished Creatures
  A bat (D:1)
1 creature vanquished.

Notes
Turn   | Place    | Note
-------+----------+-------------------------------------------
     0 | D:1      | qw the Deep Elf Hunter began the quest for the Orb.
     0 | D:1      | Reached XP level 1. HP: 12/12 MP: 3/3
     0 | D:1      | 0 ||| qw: Version: 0.3-a-22-g0ed2b0b
     0 | D:1      | 0 ||| qw: Game counter: 6488
     0 | D:1      | 0 ||| qw: Melee chars always use a shield: true
     0 | D:1      | 0 ||| qw: God list: Okawaru
     0 | D:1      | 0 ||| qw: Allow faded altars: false
     0 | D:1      | 0 ||| qw: Do Orc after clearing Dungeon:15 true
     0 | D:1      | 0 ||| qw: Do second Lair branch before Depths: true
     0 | D:1      | 0 ||| qw: Lair rune preference: random
     0 | D:1      | 0 ||| qw: Goals: Normal
     0 | D:1      | 0 ||| PLANNING D:1-11
   101 | D:1      | 101 ||| UPGRADING to +0 scale mail.
   103 | D:1      | Slain by a gnoll

Levels and vault maps discovered:
D:1:      heliophobic_arrival_battle_scene, layout_basic

Action                     || total
---------------------------++-------
   Fire: Shortbow          ||     5
  Dodge: Dodged            ||     2

Table legend:
 A = Non-vault XP
 B = Vault XP
 C = Vault XP percentage of total XP
 D = Non-vault monster count
 E = Vault monster count
 F = Vault count percentage of total count
                 A         B        C        D         E       F
            +---------+---------+-------+---------+---------+-------
      Total |       1 |       0 |   0.0 |       1 |       0 |   0.0
            +---------+---------+-------+---------+---------+-------
        D:1 |       1 |       0 |   0.0 |       1 |       0 |   0.0
            +---------+---------+-------+---------+---------+-------
